woodfighter, chaotic female orcish Cavewoman ----- # ...| ------------ ----|---- -------- ...| |..........| |......*| |......| .. ##............#######|....^..| |......| S # |..........| #|...<....# |......| ##@ ### ---.-------- #-----|---# ----|--- # # # #####`###### ## ### ### # ### # # # # # # ########## ----.-----# ### ####### #--------- |........|# # # -.--- #|....[..| |........|# ---|- |...| #........| |........|# |...| |..[| |.......| |.........# |{>..######....--- --------- ---------- |..%| |.....| |...| |.....| |}..| |.....| -|--- ------- # woodfighter the Young Cave Woman Experience level: 6 Strength: 18/02 Dexterity: 11 Constitution: 17 Intelligence: 12 Wisdom: 8 Charisma: 9 Health: 0(50) Energy: 25(25) Def: 2 Gold: 1023 Moves: 3277 Dungeon seed: N9GRurZOID0ai146 Game ID: woodfighter_1499189888 Your Inventory: Coins $ - 1023 gold pieces Weapons a - a +1 club (weapon in hand) b - a +2 sling (alternate weapon; not wielded) Armor n - an uncursed +0 small shield q - an uncursed +0 leather armor (being worn) r - a blessed +1 helm of telepathy z - a cursed -2 dwarvish cloak Comestibles c - 2 uncursed red, white, and blue lollipops d - 4 uncursed food rations f - an uncursed tripe ration h - an uncursed cream pie F - an uncursed tin of iguana meat K - an uncursed cram ration O - an uncursed sprig of wolfsbane Scrolls g - an uncursed scroll of gold detection i - an uncursed scroll of remove curse k - 3 uncursed scrolls of scare monster o - an uncursed scroll of teleportation s - a cursed scroll of remove curse y - a cursed scroll of confuse monster D - an uncursed scroll of scare monster E - a blessed scroll of identify Spellbooks m - an uncursed spellbook of extra healing I - an uncursed spellbook of detect monsters Potions j - an uncursed potion of sleeping p - an uncursed potion of object detection C - an uncursed potion of levitation M - an uncursed potion of gain level P - an uncursed potion of paralysis Q - an uncursed potion of healing Rings J - a cursed ring of aggravate monster Wands t - a wand of enlightenment (0:13) A - a wand of striking (0:6) H - a wand of polymorph (0:6) N - a wand of slow monster (0:4) Tools G - an uncursed skeleton key L - an uncursed towel Gems e - 15 uncursed flints (in quiver) Spells and supernatural/magical abilities: Name Level Category Fail Memory W - pray for help -- divine ? -- Your skills at the end: Miscellaneous Skills bare handed combat [Basic] Weapon Skills scimitar [Basic] club [Basic] sling [Basic] Spellcasting Skills Final Attributes: You were piously aligned. You were poison resistant. You were telepathic. You had infravision. You were somewhat stealthy. You are dead. Vanquished creatures: a small mimic a jaguar an ape a rock piercer a shrieker 2 gnome lords a gnomish wizard a gray ooze a straw golem a giant ant 2 floating eyes a kitten a dwarf a kobold lord 3 iguanas a hobbit a large kobold 4 geckos a brown mold a red mold 2 gnomes a garter snake 13 jackals 8 newts 11 grid bugs 4 bats 4 lichens 4 kobold zombies 74 creatures vanquished. Voluntary challenges: You did not adorn yourself with jewelry or accessories. You did not cause conflict. You were not invisible. You did not have reflection. You were not displaced. You were an atheist. You used a wielded weapon 104 times, starting on turn 6. You did not use tools. You did not use plumbed fixtures. You did not drink any magical draughts. You were illiterate. You never genocided any monsters. You never polymorphed an object. You never changed form. You used no wishes. You never split a pudding. You never wrote Elbereth's name. You never violated your personal moral code. Dungeon overview: The Dungeons of Doom: levels 1 to 8 Level 1 a long staircase Level 2 Level 3 (water) a general store Level 4 a fountain stairs to The Gnomish Mines Level 5 Level 6 Level 7 <- You were here a fountain Level 8 The Gnomish Mines: Level 5 stairs to The Dungeons of Doom History has recorded: On T:1 you entered the Dungeons of Doom to retrieve the Amulet of Yendor! On T:163 you reached level 2 of The Dungeons of Doom. On T:627 you advanced to experience level 2. On T:890 you reached level 3 of The Dungeons of Doom. On T:949 you advanced to experience level 3. On T:1034 you reached level 4 of The Dungeons of Doom. On T:1183 you advanced to experience level 4. On T:1468 you reached level 1 of The Gnomish Mines. On T:1565 you reached level 5 of The Dungeons of Doom. On T:2008 you advanced to experience level 5. On T:2238 you reached level 6 of The Dungeons of Doom. On T:2557 you reached level 7 of The Dungeons of Doom. On T:2834 you reached level 8 of The Dungeons of Doom. On T:3072 you advanced to experience level 6. Score breakdown: Gold: 1023 ( 102 points) Experience: 6 levels ( 500 points) Exploration: 8 levels ( 210 points) Discoveries: 22 items ( 1100 points) Variety of kills: 28 monsters ( 1400 points) Major goal: (nothing yet) ( 0 points) Survival: died (score multiplied by 3) Total score: 9936 Latest messages: The jaguar bites! The jaguar claws you! (2x) The jaguar bites! You hit the jaguar! The jaguar claws you! (2x) The jaguar bites! You kill the jaguar! There is a doorway here. You see here a jaguar corpse. This jaguar corpse tastes terrible! You stop eating. You finish eating the jaguar corpse. $ - 13 gold pieces. You hit the gnome lord! (2x) The gnome lord punches you! You kill the gnome lord! $ - 37 gold pieces. You stop exploring. You hit the snake! The snake bites! The snake's bite was poisoned, but it doesn't affect you. You hit the snake! The snake bites! You hit the snake! The snake bites! You die... Final status: Goodbye woodfighter the Cavewoman, killed by a snake... You died in The Dungeons of Doom on dungeon level 7 with 9936 points, and 1023 pieces of gold, after 3277 moves. You were level 6 with a maximum of 50 hit points when you died.